 Dungeon Crawl Stone Soup version 0.30-a0-55-g90e3122c3a (webtiles) character file.

Game seed: 12059103064522141242

39 Newt the Trooper (level 3, -1/29 HPs)
             Began as a Demonspawn Gladiator on Sept 9, 2022.
             Slain by an iguana (11 damage)
             ... on level 2 of the Dungeon.
             The game lasted 00:01:18 (1279 turns).

Newt the Trooper (Demonspawn Gladiator)             Turns: 1279, Time: 00:01:19

Health: -1/29      AC:  4    Str: 14    XL:     3   Next: 26%
Magic:  3/3        EV: 14    Int:  9    God:
Gold:   101        SH:  0    Dex: 16    Spells: 2/2 levels left

rFire   . . .      SeeInvis .    n - +0 sling (freeze)
rCold   . . .      Faith    .    (no shield)
rNeg    . . .      Spirit   .    b - +0 leather armour
rPois   .          Reflect  .    c - +0 helmet
rElec   .          Harm     .    (no cloak)
rCorr   .          Rampage  .    (no gloves)
Will    .....                    (no boots)
Stlth   ++........               (no amulet)
HPRegen 0.09/turn                (no ring)
MPRegen 0.08/turn                (no ring)

@: no status effects
A: repulsion field 1
a: no special abilities


You were on level 2 of the Dungeon.
You visited 1 branch of the dungeon, and saw 2 of its levels.

You collected 101 gold pieces.

Inventory:

Hand Weapons
 a - a +0 rapier
 n - a +0 sling of freezing (weapon)
Missiles
 d - 3 throwing nets
 e - a javelin
Armour
 b - a +0 leather armour (worn)
 c - a +0 helmet (worn)
Scrolls
 j - a scroll of teleportation {unknown}
 l - a scroll of fear {unknown}
 m - a scroll of blinking {unknown}
 p - a scroll of magic mapping {unknown}
 r - a scroll of fog {unknown}
Potions
 f - a potion of resistance {unknown}
 g - a potion of mutation {unknown}
 h - a potion of ambrosia {unknown}
 i - a potion of brilliance {unknown}
 k - a potion of attraction {unknown}
 o - 2 potions of flight {unknown}
 q - a potion of haste {unknown}


   Skills:
 + Level 3.0 Fighting
 - Level 2.6 Short Blades
 - Level 1.7 Throwing
 - Level 2.6 Dodging
 - Level 2.0 Stealth


You had 2 spell levels left.
You didn't know any spells.
Your spell library contained the following spells:

 Spells                   Type           Power      Damage    Failure   Level
 Sandblast                Erth           0%         2d4       45%         1
 Passwall                 Tmut/Erth      0%         N/A       61%         2
 Stone Arrow              Conj/Erth      0%         3d7       83%         3


Dungeon Overview and Level Annotations

Branches:
Dungeon (2/15)

Altars:


Innate Abilities, Weirdness & Mutations

You are surrounded by a mild repulsion field. (EV +2)


Message History

Found 4 stones.
You open the large door.
A goblin and an iguana come into view.
You shoot a sling bullet.
The sling bullet hits the iguana but does no damage.
The iguana hisses angrily.
The goblin shouts!
The iguana bites you but does no damage.
You shoot a sling bullet.
The sling bullet closely misses the iguana.
The goblin hits you with a +0 club. The iguana misses you.
The iguana attacks as you move away! The iguana closely misses you.
You see here a frilled lizard corpse.
Things that are here:
a +0 club; a goblin corpse You shoot a sling bullet.
The sling bullet closely misses the iguana.
The iguana misses you. The iguana bites you!
You shoot a sling bullet.
The sling bullet barely misses the iguana.
The sling bullet hits the goblin.
The sling bullet freezes the goblin.
You kill the goblin!
The iguana misses you.
You shoot a sling bullet.
The sling bullet hits the iguana but does no damage.
The iguana bites you! The iguana closely misses you.
You are too injured to fight recklessly!
Fire: n) +0 sling (freeze)
Press: ? - help, Q - select action, (/) - cycle Shift-Dir - straight line, f/p - iguana
Aim: an iguana (61% to hit)
You shoot a sling bullet.
The sling bullet hits the iguana but does no damage.
The iguana bites you but does no damage.
Fire: n) +0 sling (freeze)
Press: ? - help, Shift-Dir - straight line, f/p - iguana
Aim: an iguana (61% to hit)
You shoot a sling bullet. The sling bullet hits the iguana.
The sling bullet freezes the iguana.
The iguana is moderately wounded.
The iguana closely misses you. The iguana bites you!
You die...

#.#.#..####.# .
#.#.#.....[.#
#.##...#.#######
...##..#.#
##...#...#######.
.......>.........
........######...
.#++#.#.######.##
#..)l@.......
######†######.##
#....).# #.)..'.#
######.# #..#...#
..#.#''#.#.#
...(.......#
.#........##


You could see an iguana.

Vanquished Creatures
  A dart slug (D:2)
  6 endoplasms (D:1)
  2 giant cockroaches
  8 goblins
  3 hobgoblins
  A quokka (D:1)
  2 ball pythons (D:1)
  3 bats (D:1)
  A frilled lizard (D:2)
  4 rats
31 creatures vanquished.

Vanquished Creatures (others)
  4 toadstools (D:1)
4 creatures vanquished.

Grand Total: 35 creatures vanquished

Notes
Turn   | Place    | Note
-------+----------+-------------------------------------------
     0 | D:1      | Newt the Demonspawn Gladiator began the quest for the Orb.
     0 | D:1      | Reached XP level 1. HP: 16/16 MP: 1/1
    33 | D:1      | Reached skill level 1 in Stealth
   324 | D:1      | Gained mutation: You are surrounded by a mild repulsion
                  | field. (EV +2) [demonic ancestry]
   324 | D:1      | Reached XP level 2. HP: 22/22 MP: 2/2
  1151 | D:2      | Reached XP level 3. HP: 28/28 MP: 3/3
  1245 | D:2      | Reached skill level 3 in Fighting
  1279 | D:2      | Slain by an iguana

Illustrated notes

Levels and vault maps discovered:
D:1:      ldierk_walled_garden_2, layout_loops_cross, minmay_pentomino_r2
D:2:      layout_basic, hellmonk_ecumenical_altar_leap_of_faith,
          minmay_mini_jars

Skill      XL: |  1  2  3 |
---------------+----------+-----
Stealth        | 1 2 |  2.0
Fighting       | 3 |  3.0
Short Blades   | |  2.6
Throwing       | |  1.7
Dodging        | |  2.6

Action                   || total
-------------------------++-------
Melee: Rapier            ||    42
 Fire: Sling             ||    32
 Stab: Sleeping          ||     3
Armor: Leather armour    ||    10
Dodge: Dodged            ||    42

Table legend: (Time is in decaauts)
 A = Elapsed time spent in this place.
 B = Non-inter-level travel time spent in this place.
 C = Inter-level travel time spent in this place.
 D = Time resting spent in this place.
 E = Time spent auto-exploring this place.
 F = Levels seen in this place.
 G = Mean time per level.
                   A        B        C        D        E       F      G
               +--------+--------+--------+--------+--------+-----+--------+
         Total |   1294 |   1273 |     21 |      0 |   1076 |   2 |  647.0 |
       Dungeon |   1294 |   1273 |     21 |      0 |   1076 |   2 |  647.0 |
               +--------+--------+--------+--------+--------+-----+--------+

Top non-repeatable levels by time:
     D:1: 1087 daAuts
     D:2: 207 daAuts
